 Dungeon Crawl Stone Soup version 0.17.1-3-g152610e (webtiles) character file.

96528 juanjsm the Imperceptible (level 15, -2/77 HPs)
             Began as a Spriggan Enchanter on Mar 18, 2016.
             Was the Champion of Ashenzari.
             Killed from afar by a fire giant (49 damage)
             ... with a fireball
             ... on level 15 of the Dungeon on Mar 20, 2016.
             The game lasted 05:28:02 (30321 turns).

juanjsm the Imperceptible (Spriggan Enchanter)     Turns: 30321, Time: 05:28:02

Health: -2/77      AC:  7    Str:  4    XL:     15   Next: 69%
Magic:  26/34      EV: 33    Int: 22    God:    Ashenzari [******]
Gold:   2924       SH:  0    Dex: 18    Spells: 14 memorised, 4 levels left

rFire  . . .     SeeInvis +     E - +6 dagger (freeze) (curse)
rCold  . . .     Clarity  +     m - +2 robe (curse)
rNeg   . . .     SustAt   .     (shield restricted)
rPois  .         Gourm    .     (helmet restricted)
rElec  .         Spirit   .     n - +2 cloak (curse)
rCorr  .         Warding  .     (gloves unavailable)
rMut   .         Stasis   .     (boots unavailable)
MR     +++..                    M - amulet of rage
Stlth  +++++++++.               Z - +4 ring of slaying (curse)
                                e - ring of protection from magic (curse)

@: repel missiles, very quick, extremely resistant to hostile enchantments,
incredibly stealthy
A: unfitting armour, see invisible, herbivore 3, speed 3, slow metabolism 2
a: Scrying, Transfer Knowledge, Renounce Religion, Evoke Berserk Rage


You were on level 15 of the Dungeon.
You worshipped Ashenzari.
Ashenzari was exalted by your worship.
You were not hungry.

You visited 4 branches of the dungeon, and saw 28 of its levels.
You also visited: Labyrinth and Volcano.

You collected 3218 gold pieces.
You spent 294 gold pieces at shops.

Inventory:

Hand Weapons
 E - a cursed +6 dagger of freezing (weapon)
Missiles
 L - 7 tomahawks of returning (quivered)
Armour
 m - a cursed +2 robe (worn)
 n - a cursed +2 cloak (worn)
 t - a +1 robe of positive energy
 X - a +1 robe of cold resistance
Jewellery
 e - a cursed ring of protection from magic (left hand)
 x - an uncursed ring of protection from fire
 C - an uncursed ring of poison resistance
 M - an amulet of rage (around neck)
 Z - a cursed +4 ring of slaying (right hand)
Wands
 b - a wand of polymorph (13)
 r - a wand of polymorph (10)
 A - a wand of digging (8)
 D - a wand of disintegration (15)
 G - a wand of paralysis (16)
 H - a wand of flame (19)
 K - a wand of frost (12)
 P - a wand of fire (4)
 V - a wand of fireball (15)
 W - a wand of cold (7)
Scrolls
 a - 5 scrolls of immolation
 c - 4 scrolls of magic mapping
 f - 3 scrolls of amnesia
 g - 3 scrolls of blinking
 k - 5 scrolls of curse armour
 p - 3 scrolls of teleportation
 s - a scroll of fear
 y - 5 scrolls of identify
 F - 2 scrolls of curse weapon
 Q - a scroll of silence {unknown}
 U - 3 scrolls of enchant armour
 Y - 4 scrolls of remove curse
Potions
 h - 3 potions of cancellation
 i - 4 potions of flight
 j - 3 potions of heal wounds
 o - 4 potions of might
 u - a potion of ambrosia
 w - 8 potions of curing
 z - 2 potions of haste
 B - 3 potions of lignification
 I - 2 potions of agility
 J - 2 potions of brilliance
Books
 l - a book of Minor Magic

   Spells                             Type                      Level
   a - Magic Dart                     Conjuration                  1
   b - Blink                          Translocation                2
   c - Call Imp                       Summoning                    2
   d - Repel Missiles                 Charms/Air                   2
   e - Slow                           Hexes                        2
   f - Conjure Flame                  Conjuration/Fire             3
   g - Mephitic Cloud                 Conjuration/Poison/Air       3
 q - a book of Necromancy

   Spells                             Type                      Level
   a - Pain                           Necromancy                   1
   b - Animate Skeleton               Necromancy                   1
   c - Vampiric Draining              Necromancy                   3
   d - Regeneration                   Charms/Necromancy            3
   e - Animate Dead                   Necromancy                   4
   f - Control Undead                 Necromancy                   4
 O - the Tome of Unholy Rites and Flight
   (You found it on level 8 of the Lair of Beasts)

   Spells                             Type                      Level
   a - Shock                          Conjuration/Air              1
   b - Pain                           Necromancy                   1
   c - Corpse Rot                     Necromancy                   2
   d - Airstrike                      Air                          4
   e - Agony                          Necromancy                   5
   f - Deflect Missiles               Charms/Air                   6
 T - the Handbook of Harmful Summoning
   (You found it in a labyrinth)

   Spells                             Type                      Level
   a - Searing Ray                    Conjuration                  2
   b - Call Canine Familiar           Summoning                    3
   c - Summon Ice Beast               Ice/Summoning                4
   d - Summon Demon                   Summoning                    5
   e - Bolt of Fire                   Conjuration/Fire             6
Miscellaneous
 v - a box of beasts
 R - a crystal ball of energy
 S - a box of beasts
Comestibles
 d - 15 bread rations
 N - 44 fruits


   Skills:
 * Level 7.7 Fighting
 + Level 8.0(12.4) Short Blades
 * Level 14.8(17.4) Dodging
 * Level 21.6(23.7) Stealth
 * Level 14.1 Spellcasting
 + Level 2.9(5.5) Conjurations
 + Level 12.9(15.5) Hexes
 + Level 5.1(8.1) Charms
 + Level 0.2(1.0) Summonings
 + Level 3.4(6.1) Necromancy
 + Level 5.2(8.2) Ice Magic
 + Level 1.5(3.5) Evocations


You had 4 spell levels left.
You knew the following spells:

 Your Spells              Type           Power        Failure   Level  Hunger
a - Corona                Hex            ######.      0%          1    None
b - Ensorcelled Hibernat  Hex/Ice        ######       1%          2    None
c - Confuse               Hex            ######..     1%          3    None
d - Dazzling Spray        Conj/Hex       ######..     1%          3    None
e - Tukima's Dance        Hex            ######..     1%          3    None
f - Invisibility          Hex            ######..     1%          6    #####..
g - Apportation           Tloc           ###.......   4%          1    None
h - Throw Icicle          Conj/Ice       #####...     2%          4    None
i - Summon Butterflies    Summ           ###.....     2%          1    None
j - Regeneration          Chrm/Necr      #####.....   1%          3    None
k - Summon Ice Beast      Ice/Summ       #####...     8%          4    None
l - Repel Missiles        Chrm/Air       ####..       1%          2    None
m - Slow                  Hex            ######..     0%          2    None
n - Conjure Flame         Conj/Fire      ####....     4%          3    None


Dungeon Overview and Level Annotations

Branches:
Dungeon (15/15)            Temple (1/1) D:6            Lair (8/8) D:8
  Swamp (0/4) Lair:4       Spider (0/4) Lair:5        Slime (0/6) Lair:6
    Orc (4/4) D:10            Elf (0/3) Orc:3        Vaults (0/5) D:13
 Depths (0/5) D:15

Altars:
Ashenzari
Elyvilon
Fedhas
Nemelex Xobeh
Okawaru
Qazlal
Ru
Sif Muna
Trog
Vehumet
Xom
Yredelemnul
The Shining One
Beogh
Jiyva

Shops:
Orc:4 [(!(

Annotations:
D:6 Malhgor's ghost, novice DDFi
D:8 Shufflesack's ghost, novice DEWz
Lair:4 Rupert


Innate Abilities, Weirdness & Mutations

You are tiny and cannot use many weapons and most armour.
You have supernaturally acute eyesight.
You are a herbivore.
You cover ground extremely quickly.
You need consume almost no food.


Message History

You puncture the hippogriff! You freeze the hippogriff.
You kill the hippogriff!
N - 44 fruits (gained 3)
You see here a fire drake corpse.
Found 7 gold pieces.
You now have 2924 gold pieces (gained 7).
You see here a mottled dragon skeleton.
Things that are here:
a fire drake skeleton; a hydra skeleton; a hell hound skeleton
Things that are here:
a wyvern corpse; a wyvern skeleton You see here a hippogriff skeleton.
You see here a hell hound skeleton.
A five-headed hydra comes into view.
A wolf spider zombie comes into view.
The fire giant shouts!
The fire giant points at you and mumbles some strange words.
The fireball explodes!
The fireball engulfs you!
Ouch! That really hurt!
You die...

...<..# #.#..≈≈.....≈§.. ,,
###.#.# #.#..≈≈≈≈D≈≈≈≈.. * ,
......# #.#...#≈C≈≈§#...**,,,,, *
###...# #÷#...$≈≈Z≈≈.... ** **
......# #.##.....≈.....#* ####..#
#÷###.........# #..###†#
####..##### #..÷.÷.# #.##
####.###### #@# ..........# #.#
######.##.# #.#
#.####.#*,######.################
#......# ........................
#.######*########################
..# ###


You could see a fire giant, a five-headed hydra (wandering) and a wolf spider
zombie (wandering).

Vanquished Creatures
  Donald (Orc:4)
  An orc warlord (Orc:3)
  Nessos (Orc:4)
  Azrael (Orc:4)
  A salamander stormcaller (D:15)
  A minotaur (Lab)
  Fannar (Lair:2)
  Erolcha (Orc:1)
  8 hydras
  4 catoblepae
  Erica (D:11)
  A centaur warrior (D:10)
  An orc high priest (Orc:4)
  13 death yaks
  3 ogre magi
  Nergalle (D:11)
  A fire crab (Lair:8)
  2 deep trolls (Orc:4)
  An unseen horror (shapeshifter) (D:15)
  6 unseen horrors
  A lindwurm (Lair:2)
  A wizard (D:15)
  5 hill giants
  2 necromancers (D:13)
  8 cyclopes
  An orc knight (Orc:3)
  5 griffons
  3 ugly things (D:14)
  2 manticores
  2 orc sorcerers
  A centaur zombie (D:15)
  3 elephants (Lair:6)
  Joseph (D:9)
  A torpor snail (Lair:7)
  4 black mambas
  2 efreet
  9 spiny frogs
  5 centaur skeletons
  6 komodo dragons
  13 trolls
  10 two-headed ogres
  23 blink frogs
  3 polar bears
  6 fire drakes
  Prince Ribbit (D:8)
  A hornet zombie (D:14)
  8 slime creatures
  A trapdoor spider (D:10)
  A shadow (D:14)
  2 deep elf magi (D:12)
  2 wraiths
  18 yaks
  4 fire elementals
  A spriggan (D:7)
  4 hungry ghosts
  7 wyverns
  3 mottled dragons
  3 wolves (Lair:3)
  7 basilisks
  11 hippogriffs
  12 water moccasins
  A soldier ant (D:11)
  4 ice beasts
  12 porcupines
  28 orc warriors
  6 hell hounds
  A sky beast (D:5)
  A black bear (Lair:1)
  8 spiders (Lair:5)
  2 eyes of draining
  29 ogres
  7 big kobolds
  3 phantoms
  12 centaurs
  A brain worm (D:14)
  22 crocodiles
  19 giant frogs
  7 earth elementals (D:12)
  2 wyvern skeletons
  3 scorpions
  A water moccasin zombie (D:8)
  10 killer bees
  10 crimson imps
  15 orc priests
  A jelly (D:15)
  2 giant frog skeletons
  2 giant frog zombies
  8 hounds
  29 orc wizards
  Jessica (D:2)
  A gnoll shaman (Orc:4)
  4 worker ants
  4 iguanas
  38 sheep
  A hound zombie (D:8)
  A hound skeleton (D:5)
  45 river rats
  13 gnolls
  11 adders
  4 shadow imps
  2 adder skeletons
  3 adder zombies
  An ooze (D:1)
  A worm (D:5)
  6 giant geckos
  162 orcs
  4 bats
  5 giant cockroaches
  8 goblins
  8 hobgoblins
  7 jackals
  6 quokkas
  A giant gecko skeleton (D:6)
  2 giant newts
  15 kobolds
  6 rats
859 creatures vanquished.

Vanquished Creatures (collateral kills)
  Frances (D:13)
  Pikel (D:6)
2 creatures vanquished.

Vanquished Creatures (others)
  An adder (D:6)
  A bush (Lair:4)
  41 fungi
  5 plants
48 creatures vanquished.

Grand Total: 909 creatures vanquished

Notes
Turn   | Place    | Note
--------------------------------------------------------------
     0 | D:1      | juanjsm the Spriggan Enchanter began the quest for the Orb.
     0 | D:1      | Reached XP level 1. HP: 9/9 MP: 5/5
    84 | D:1      | Reached XP level 2. HP: 10/13 MP: 6/6
   135 | D:1      | Reached skill level 5 in Stealth
   197 | D:1      | Learned a level 2 spell: Ensorcelled Hibernation
   661 | D:2      | Reached XP level 3. HP: 14/16 MP: 8/8
   747 | D:2      | Noticed Jessica
   749 | D:2      | Killed Jessica
   949 | D:2      | Reached XP level 4. HP: 13/21 MP: 7/9
   955 | D:2      | Learned a level 3 spell: Confuse
   959 | D:2      | Learned a level 3 spell: Dazzling Spray
   992 | D:2      | Reached skill level 6 in Stealth
  1380 | D:3      | Found a faded altar to an unknown god.
  1416 | D:3      | Reached skill level 7 in Stealth
  1416 | D:3      | Reached XP level 5. HP: 24/24 MP: 8/11
  1429 | D:3      | Gained mutation: You are resistant to hostile enchantments. [potion of beneficial mutation]
  2133 | D:3      | Reached skill level 8 in Stealth
  2133 | D:3      | Reached XP level 6. HP: 28/28 MP: 9/13
  2151 | D:4      | Learned a level 3 spell: Tukima's Dance
  2211 | D:4      | Noticed an ogre
  2219 | D:4      | Killed an ogre
  2485 | D:4      | Noticed an ogre
  2652 | D:4      | Killed an ogre
  2652 | D:4      | Reached skill level 5 in Hexes
  2652 | D:4      | Reached skill level 1 in Ice Magic
  2841 | D:5      | Entered Level 5 of the Dungeon
  2845 | D:5      | Reached skill level 9 in Stealth
  2870 | D:5      | Reached XP level 7. HP: 32/32 MP: 14/14
  3289 | D:5      | Found a deep blue altar of Sif Muna.
  3728 | D:6      | Noticed Pikel
  3846 | D:6      | Reached skill level 5 in Spellcasting
  3934 | D:6      | Found a staircase to the Ecumenical Temple.
  3951 | Temple   | Entered the Ecumenical Temple
  3970 | Temple   | Became a worshipper of Ashenzari the Shackled
  3992 | D:6      | Noticed Malhgor's ghost (novice DDFi)
  3994 | D:6      | Reached skill level 10 in Stealth
  4642 | D:6      | Reached XP level 8. HP: 13/37 MP: 5/16
  5202 | D:6      | Reached skill level 5 in Dodging
  5289 | D:6      | Killed Pikel
  5823 | D:7      | Reached * piety under Ashenzari
  6314 | D:7      | Reached skill level 11 in Stealth
  6644 | D:8      | Noticed Shufflesack's ghost (novice DEWz)
  6721 | D:8      | Reached XP level 9. HP: 40/40 MP: 11/20
  6897 | D:8      | Reached ** piety under Ashenzari
  7035 | D:8      | Noticed Prince Ribbit
  7042 | D:8      | Killed Prince Ribbit
  7230 | D:8      | Reached skill level 12 in Stealth
  7286 | D:8      | Found a staircase to the Lair.
  7363 | Lair:1   | Entered Level 1 of the Lair of Beasts
  7570 | Lair:1   | Noticed a spiny frog
  7581 | Lair:1   | Killed a spiny frog
  7581 | Lair:1   | Reached skill level 5 in Short Blades
  7597 | Lair:1   | Noticed a komodo dragon
  7604 | Lair:1   | Killed a komodo dragon
  7958 | Lair:1   | Noticed a komodo dragon
  7960 | Lair:1   | Killed a komodo dragon
  7960 | Lair:1   | Reached XP level 10. HP: 44/44 MP: 23/23
  8021 | Lair:1   | Noticed a four-headed hydra
  8024 | Lair:1   | Killed a four-headed hydra
  8024 | Lair:1   | Reached skill level 1 in Fighting
  8024 | Lair:1   | Reached skill level 13 in Stealth
  8070 | Lair:1   | Noticed a spiny frog
  8078 | Lair:1   | Killed a spiny frog
  8119 | Lair:1   | Noticed a komodo dragon
  8139 | Lair:1   | Killed a komodo dragon
  8212 | Lair:1   | Reached *** piety under Ashenzari
  8841 | Lair:2   | Found a dark tunnel.
  8841 | Lair:2   | Noticed a lindwurm
  8843 | Lair:2   | Killed a lindwurm
  8893 | Volcano  | Entered a volcano
  8944 | Volcano  | Noticed a toenail golem
  9014 | Volcano  | Reached skill level 10 in Spellcasting
  9051 | Volcano  | Noticed a toenail golem
  9300 | Lair:2   | Reached **** piety under Ashenzari
  9541 | Lair:2   | Noticed Fannar
  9554 | Lair:2   | Killed Fannar
  9945 | Lair:3   | Reached XP level 11. HP: 42/49 MP: 12/26
 10156 | Lair:3   | Reached skill level 14 in Stealth
 10191 | Lair:3   | Learned a level 6 spell: Invisibility
 10193 | Lair:3   | Learned a level 1 spell: Apportation
 10306 | Lair:3   | Identified the Handbook of Snow
 10312 | Lair:3   | Learned a level 4 spell: Throw Icicle
 10487 | Lair:3   | Noticed a griffon
 10566 | Lair:3   | Learned a level 1 spell: Summon Butterflies
 10608 | Lair:3   | Killed a griffon
 10619 | Lair:3   | Noticed a black mamba
 10626 | Lair:3   | Killed a black mamba
 10626 | Lair:3   | Reached skill level 10 in Hexes
 11135 | Lair:4   | Learned a level 3 spell: Regeneration
 11148 | Lair:4   | Noticed a four-headed hydra
 11151 | Lair:4   | Killed a four-headed hydra
 11168 | Lair:4   | Found a staircase to the Swamp.
 11197 | Lair:4   | Reached skill level 1 in Charms
 11206 | Lair:4   | Reached skill level 1 in Necromancy
 11347 | Lair:4   | Noticed Rupert
 11548 | Lair:4   | Reached ***** piety under Ashenzari
 11566 | Lair:4   | Noticed a death yak
 11571 | Lair:4   | Noticed a death yak
 11571 | Lair:4   | Noticed a death yak
 11754 | Lair:4   | Reached skill level 10 in Dodging
 11879 | Lair:4   | Reached skill level 15 in Stealth
 12053 | Lair:5   | Found a labyrinth entrance.
 12090 | Lab      | Entered a labyrinth
 12406 | Lab      | Noticed a minotaur
 12415 | Lab      | Killed a minotaur
 12415 | Lab      | Identified a +4 rod of ignition (13/13) (You took it off a minotaur in a labyrinth)
 12415 | Lab      | Reached XP level 12. HP: 56/56 MP: 21/28
 12428 | Lab      | Learned a level 4 spell: Summon Ice Beast
 12431 | Lab      | Identified the Handbook of Harmful Summoning (You found it in a labyrinth)
 12431 | Lab      | Identified a +3 rod of destruction (13/13) (You found it in a labyrinth)
 12734 | Lair:5   | Found a hole to the Spider Nest.
 13643 | Lair:6   | Found a staircase to the Slime Pits.
 13643 | Lair:6   | Found a viscous altar of Jiyva.
 13867 | Lair:6   | Learned a level 2 spell: Repel Missiles
 14093 | Lair:6   | Noticed a five-headed hydra
 14110 | Lair:6   | Killed a five-headed hydra
 14865 | Lair:7   | Reached skill level 16 in Stealth
 14983 | Lair:7   | Noticed a four-headed hydra
 15014 | Lair:6   | Reached skill level 5 in Charms
 15155 | Lair:7   | Killed a four-headed hydra
 15155 | Lair:7   | Reached skill level 1 in Conjurations
 15301 | Lair:7   | Noticed a four-headed hydra
 15351 | Lair:7   | Killed a four-headed hydra
 16208 | Lair:7   | Learned a level 2 spell: Slow
 16231 | Lair:8   | Entered Level 8 of the Lair of Beasts
 16308 | Lair:8   | Reached XP level 13. HP: 62/62 MP: 30/30
 16947 | Lair:8   | Reached ****** piety under Ashenzari
 16989 | Lair:8   | Noticed a catoblepas
 16995 | Lair:8   | Killed a catoblepas
 17057 | Lair:8   | Noticed a catoblepas
 17084 | Lair:8   | Killed a catoblepas
 17104 | Lair:8   | Reached skill level 17 in Stealth
 17157 | Lair:8   | Reached skill level 5 in Fighting
 18048 | Lair:8   | Reached skill level 1 in Evocations
 18229 | Lair:8   | Noticed a catoblepas
 18236 | Lair:8   | Killed a catoblepas
 18236 | Lair:8   | Reached skill level 18 in Stealth
 18246 | Lair:8   | Identified the Tome of Unholy Rites and Flight
 18901 | Lair:6   | Noticed a four-headed hydra
 18918 | Lair:6   | Killed a four-headed hydra
 19301 | D:9      | Noticed Joseph
 19341 | D:9      | Killed Joseph
 19879 | D:10     | Entered Level 10 of the Dungeon
 19896 | D:10     | Found a staircase to the Orcish Mines.
 19953 | D:10     | Reached XP level 14. HP: 69/69 MP: 14/31
 19992 | D:10     | Identified a scroll of acquirement
 19998 | D:10     | Lost mutation: You are resistant to hostile enchantments. [potion of cure mutation]
 20973 | Orc:1    | Entered Level 1 of the Orcish Mines
 21197 | Orc:1    | Noticed Erolcha
 21207 | Orc:1    | Killed Erolcha
 22005 | Orc:3    | Found a staircase to the Elven Halls.
 22350 | Orc:3    | Noticed an orc warlord
 22353 | Orc:3    | Killed an orc warlord
 22622 | Orc:3    | Learned a level 3 spell: Conjure Flame
 23057 | Orc:2    | Reached skill level 19 in Stealth
 23324 | Orc:2    | Found a shimmering altar of Xom.
 23494 | Orc:4    | Entered Level 4 of the Orcish Mines
 23494 | Orc:4    | Noticed Azrael
 23715 | Orc:4    | Killed Azrael
 23906 | Orc:4    | Noticed Donald
 24073 | Orc:4    | Killed Donald
 24123 | Orc:4    | Found a roughly hewn altar of Beogh.
 24281 | Orc:4    | Noticed Nessos
 24303 | Orc:4    | Killed Nessos
 24490 | Orc:4    | Found Neeshaer's Distillery.
 24868 | Orc:4    | Found Xacli's Antique Armour Shoppe.
 24957 | Orc:4    | Found Tacko's Weapon Shop.
 24962 | Orc:4    | Found Leciyrie's Weapon Emporium.
 24994 | Orc:4    | Bought a potion of cancellation for 112 gold pieces
 24994 | Orc:4    | Bought a potion of heal wounds for 70 gold pieces
 24994 | Orc:4    | Bought a potion of heal wounds for 70 gold pieces
 24994 | Orc:4    | Bought a potion of curing for 42 gold pieces
 25778 | D:11     | Noticed Erica
 25781 | D:11     | Killed Erica
 25873 | D:11     | Reached skill level 20 in Stealth
 26138 | D:11     | Found a sparkling altar of Nemelex Xobeh.
 26142 | D:11     | Noticed Nergalle
 26144 | D:11     | Killed Nergalle
 26580 | D:12     | Reached XP level 15. HP: 73/75 MP: 25/33
 27333 | D:13     | Found a blossoming altar of Fedhas.
 27435 | D:13     | Noticed Frances
 27512 | D:13     | Killed Frances
 27931 | D:13     | Found a gate to the Vaults.
 28020 | D:13     | Reached skill level 5 in Ice Magic
 28140 | D:14     | Identified the cursed +1 chain mail of the Tundras {rN+ MP+9}
 28427 | D:14     | Reached skill level 21 in Stealth
 28497 | D:14     | Identified the +3 leather armour of the Carpenter {+Fly rElec Regen+}
 28756 | D:14     | Found a sacrificial altar of Ru.
 28940 | D:15     | Entered Level 15 of the Dungeon
 28959 | D:15     | Found a staircase to the Depths.
 30321 | D:15     | Killed from afar by a fire giant

Action                   |  1- 3 |  4- 6 |  7- 9 | 10-12 | 13-15 || total
-------------------------+-------+-------+-------+-------+-------++-------
Melee: Dagger            |   114 |    62 |   204 |   373 |  1148 ||  1901
 Cast: Corona            |    15 |     1 |     5 |    13 |    26 ||    60
       Ensorcelled Hiber |     8 |    21 |    41 |   130 |   248 ||   448
       Dazzling Spray    |       |     3 |    27 |    21 |   125 ||   176
       Confuse           |       |     1 |    26 |    38 |    49 ||   114
       Tukima's Dance    |       |       |     2 |       |       ||     2
       Throw Icicle      |       |       |       |     2 |     9 ||    11
       Invisibility      |       |       |       |     1 |     1 ||     2
       Summon Ice Beast  |       |       |       |       |    10 ||    10
       Repel Missiles    |       |       |       |       |     3 ||     3
       Summon Butterflie |       |       |       |       |     2 ||     2
       Regeneration      |       |       |       |       |     2 ||     2
       Slow              |       |       |       |       |     1 ||     1
Invok: Scrying           |       |       |       |     2 |       ||     2
Evoke: Wand              |       |       |       |     9 |    11 ||    20
  Use: Scroll            |       |     6 |    12 |    19 |     8 ||    45
       Potion            |       |     1 |     2 |     5 |     5 ||    13
 Stab: Sleeping          |    14 |    28 |    45 |   135 |   251 ||   473
       Invisible         |       |     2 |     2 |     8 |    43 ||    55
       Confused          |       |       |    15 |    22 |    21 ||    58
       Distracted        |       |       |     1 |     6 |    17 ||    24
  Eat: Fruit             |       |     1 |     3 |       |     6 ||    10
       Royal jelly       |       |       |     1 |       |     1 ||     2
       Bread ration      |       |       |     1 |     1 |       ||     2
       Pizza             |       |       |       |     2 |     1 ||     3
